 Dungeon Crawl Stone Soup version 0.24-a0-584-g9d6b971ae4 (webtiles) character file.

Game seed: 15070175441629142717, levelgen mode: deterministic

420 Engwar the Grasshopper (level 6, -1/51 HPs)
             Began as a Gnoll Warper on Aug 29, 2019.
             Killed by nerve-wracking pain
             ... invoked by an orc priest
              (12 damage)
             ... on level 4 of the Dungeon.
             The game lasted 00:17:15 (3926 turns).

Engwar the Grasshopper (Gnoll Warper)               Turns: 3926, Time: 00:17:16

Health: -1/51      AC:  6    Str: 14    XL:     6   Next: 94%
Magic:  14/14      EV: 17    Int: 17    God:
Gold:   194        SH:  4    Dex: 14    Spells: 5/15 levels left

rFire    . . .     SeeInvis .   a - +0 falchion
rCold    . . .     Gourm    +   B - +0 buckler
rNeg     . . .     Faith    .   k - +0 leather armour
rPois    .         Spirit   .   (no helmet)
rElec    .         Reflect  .   (no cloak)
rCorr    +         Harm     .   D - +0 pair of gloves
MR       .....                  c - +1 pair of boots
Stlth    ++........             j - amulet of the gourmand
HPRegen  0.17/turn              y - +3 ring of evasion
MPRegen  0.14/turn              n - ring of resist corrosion

@: no status effects
A: distributed training, fangs 1, strong nose
a: no special abilities


You were on level 4 of the Dungeon.
You were completely stuffed.

You visited 1 branch of the dungeon, and saw 4 of its levels.

You collected 194 gold pieces.

Inventory:

Hand Weapons
 a - a +0 falchion (weapon)
 b - a +0 hunting sling
 r - a +2 dagger of flaming
Missiles
 e - 4 boomerangs of dispersal
 q - 84 sling bullets
 s - 3 javelins (quivered)
Armour
 c - a +1 pair of boots (worn)
 k - a +0 leather armour (worn)
 B - a +0 buckler (worn)
 D - a +0 pair of gloves (worn)
Jewellery
 h - an uncursed ring of flight
 j - an amulet of the gourmand (around neck)
 n - a ring of resist corrosion (right hand)
 y - a +3 ring of evasion (left hand)
 C - an uncursed ring of protection from magic {unknown}
 G - an uncursed amulet of rage {unknown}
Scrolls
 d - 2 scrolls of blinking
 g - a scroll of amnesia
 v - 5 scrolls of remove curse
 w - a scroll of magic mapping
Potions
 i - a potion of curing
 l - a potion of magic
 m - a potion of resistance
 o - a potion of might {unknown}
 p - a potion of brilliance
 t - 3 potions of flight
 u - a potion of mutation {unknown}
 x - a potion of berserk rage {unknown}
 z - a potion of ambrosia {unknown}
 A - a potion of degeneration {unknown}
 F - a potion of invisibility {unknown}
Comestibles
 f - 7 rations
 E - 2 chunks of flesh


   Skills:
 + Level 5.0 Fighting
 + Level 2.1 Short Blades
 + Level 5.0 Long Blades
 + Level 2.1 Axes
 + Level 2.1 Maces & Flails
 + Level 2.1 Polearms
 + Level 2.1 Staves
 + Level 2.1 Slings
 + Level 2.1 Bows
 + Level 2.1 Crossbows
 + Level 3.3 Throwing
 + Level 3.3 Armour
 + Level 5.0 Dodging
 + Level 2.1 Stealth
 + Level 2.1 Shields
 + Level 2.1 Unarmed Combat
 + Level 5.4 Spellcasting
 + Level 1.7 Conjurations
 + Level 1.7 Hexes
 + Level 1.7 Charms
 + Level 1.7 Summonings
 + Level 1.7 Necromancy
 + Level 5.7 Translocations
 + Level 1.7 Transmutations
 + Level 1.7 Fire Magic
 + Level 1.7 Ice Magic
 + Level 1.7 Air Magic
 + Level 1.7 Earth Magic
 + Level 1.7 Poison Magic
 + Level 2.3 Invocations
 + Level 2.1 Evocations


You had 5 spell levels left.
You knew the following spells:

 Your Spells              Type           Power        Failure   Level  Hunger
a - Blink                 Tloc           N/A          3%          2    #......
b - Shroud of Golubria    Chrm/Tloc      ###...       7%          2    #......
c - Teleport Other        Tloc           ###.....     6%          3    ##.....
d - Apportation           Tloc           ###...       1%          1    None
e - Animate Skeleton      Necr           N/A          11%         1    None
f - Confusing Touch       Hex            ##....       11%         1    None

Your spell library contained the following spells:

 Spells                   Type           Power        Failure   Level  Hunger
 Gell's Gravitas          Tloc           ###.......   6%          3    ##.....
 Lesser Beckoning         Tloc           ###.......   6%          3    ##.....
 Summon Small Mammal      Summ           ##..         11%         1    None
 Passage of Golubria      Tloc           N/A          21%         4    ####...


Dungeon Overview and Level Annotations

Branches:
Dungeon (4/15)
 Temple: D:4-7

Altars:
Qazlal

Annotations:
D:3 Crazy Yiuf


Innate Abilities, Weirdness & Mutations

Your experience applies equally to all skills.
You have very sharp teeth.
Your uncanny sense of smell can sniff out nearby items.


Message History

The orc priest mumbles some strange prayers to Beogh against you.
Beogh smites you!
* * * LOW HITPOINT WARNING * * *
You closely miss the orc priest.
The orc priest is severely wounded.
You block the orc priest's attack.
You swap places.
The orc priest hits your leopard gecko skeleton with a +0 flail!
Your leopard gecko skeleton is destroyed!
The orc priest calls upon Beogh to heal the orc priest.
The orc priest is healed somewhat.
The orc priest looks satisfied for a moment.
The orc priest invokes the aid of Beogh against you.
Beogh smites you!
* * * LOW HITPOINT WARNING * * *
Unknown command.
You feel better.
The orc priest invokes the aid of Beogh against you.
Pain shoots through your body!
You die...

#o #.##..##..# #. #.
##.....# #o#### ### #.
###...# #^..o# #.. #.
#.... ####o# #.# #.
####..#. #.# #.#
#.##....... ##o###.####
#......####
#..o......###..##รท.#
##
#.....@...........####.
#.......<.........# #..
#.................# ###
#.................#
#................###
#..................####
#.........####...#.....
########### #...##....
#######...


You could see an orc priest and an orc.

Vanquished Creatures
  A water moccasin (D:4)
  An ogre (D:4)
  A hound (D:4)
  A worker ant (D:4)
  Robin (D:3)
  7 adders
  A howler monkey skeleton (D:4)
  A shadow imp (D:4)
  An ooze (D:4)
  An adder skeleton (D:2)
  2 worms (D:2)
  4 leopard geckos
  4 orcs
  8 bats
  3 giant cockroaches
  14 goblins
  7 hobgoblins
  5 jackals
  4 quokkas
  3 ball pythons
  7 frilled lizards
  5 kobolds
  8 rats
90 creatures vanquished.

Vanquished Creatures (collateral kills)
  2 worms
  A leopard gecko (D:4)
  An orc (D:4)
  A giant cockroach (D:3)
  2 goblins
7 creatures vanquished.

Grand Total: 97 creatures vanquished

Notes
Turn   | Place    | Note
-------+----------+-------------------------------------------
     0 | D:1      | Engwar the Gnoll Warper began the quest for the Orb.
     0 | D:1      | Reached XP level 1. HP: 20/20 MP: 6/6
   123 | D:1      | Reached XP level 2. HP: 24/26 MP: 7/7
   128 | D:1      | Learned a level 2 spell: Blink
   131 | D:1      | Learned a level 2 spell: Shroud of Golubria
   490 | D:1      | Reached XP level 3. HP: 19/31 MP: 9/9
   495 | D:1      | Learned a level 3 spell: Teleport Other
   735 | D:2      | Reached skill level 5 in Spellcasting
   851 | D:2      | Reached skill level 1 in Invocations
  1001 | D:2      | Learned a level 1 spell: Apportation
  1003 | D:2      | Learned a level 1 spell: Animate Skeleton
  1062 | D:2      | Reached skill level 1 in Short Blades
  1062 | D:2      | Reached skill level 1 in Axes
  1062 | D:2      | Reached skill level 1 in Maces & Flails
  1062 | D:2      | Reached skill level 1 in Polearms
  1062 | D:2      | Reached skill level 1 in Staves
  1062 | D:2      | Reached skill level 1 in Slings
  1062 | D:2      | Reached skill level 1 in Bows
  1062 | D:2      | Reached skill level 1 in Crossbows
  1062 | D:2      | Reached skill level 1 in Stealth
  1062 | D:2      | Reached skill level 1 in Shields
  1062 | D:2      | Reached skill level 1 in Unarmed Combat
  1062 | D:2      | Reached skill level 1 in Evocations
  1182 | D:2      | Reached XP level 4. HP: 38/38 MP: 9/11
  1977 | D:3      | Reached skill level 1 in Conjurations
  1977 | D:3      | Reached skill level 1 in Hexes
  1977 | D:3      | Reached skill level 1 in Charms
  1977 | D:3      | Reached skill level 1 in Summonings
  1977 | D:3      | Reached skill level 1 in Necromancy
  1977 | D:3      | Reached skill level 1 in Transmutations
  1977 | D:3      | Reached skill level 1 in Fire Magic
  1977 | D:3      | Reached skill level 1 in Ice Magic
  1977 | D:3      | Reached skill level 1 in Air Magic
  1977 | D:3      | Reached skill level 1 in Earth Magic
  1977 | D:3      | Reached skill level 1 in Poison Magic
  1981 | D:3      | Found a faded altar of an unknown god.
  2147 | D:3      | Reached XP level 5. HP: 43/43 MP: 12/12
  2150 | D:3      | Learned a level 1 spell: Confusing Touch
  2343 | D:3      | Noticed Robin
  2407 | D:3      | Killed Robin
  2460 | D:3      | Found a stormy altar of Qazlal.
  2543 | D:3      | Found a runed translucent door.
  2544 | D:3      | Noticed Crazy Yiuf
  2624 | D:4      | Noticed a water moccasin
  2624 | D:4      | Noticed an ogre
  3045 | D:3      | Paralysed by Crazy Yiuf for 2 turns
  3469 | D:4      | Reached XP level 6. HP: 39/50 MP: 11/13
  3487 | D:4      | Reached skill level 5 in Fighting
  3487 | D:4      | Reached skill level 5 in Long Blades
  3487 | D:4      | Reached skill level 5 in Dodging
  3525 | D:4      | Killed a water moccasin
  3924 | D:4      | HP: 1/51 [orc priest/divine providence (13)]
  3926 | D:4      | Killed from afar by an orc priest

Levels and vault maps discovered:
D:1:      minmay_arrival_checkered_box, layout_rooms, serial_rivers,
          chequers_serial_rivers_micro_b, chequers_serial_rivers_large_b,
          chequers_serial_rivers_micro_d, chequers_serial_rivers_micro_e,
          minmay_pentomino_x4
D:2:      minmay_door_path, layout_basic
D:3:      layout_basic, old_standard_altar,
          chequers_ecumenical_altar_simple_redux, grunt_ministairs_12,
          chequers_serial_rivers_micro_b, uniq_robin, uniq_crazy_yiuf_cottage
D:4:      layout_rooms, first_ration

Skill      XL: |  1  2  3  4  5  6 |
---------------+-------------------+-----
Spellcasting   | 5 |  5.4
Invocations    | 1 2 |  2.3
Short Blades   | 1 2 |  2.1
Axes           | 1 2 |  2.1
Maces & Flails | 1 2 |  2.1
Polearms       | 1 2 |  2.1
Staves         | 1 2 |  2.1
Slings         | 1 2 |  2.1
Bows           | 1 2 |  2.1
Crossbows      | 1 2 |  2.1
Stealth        | 1 2 |  2.1
Shields        | 1 2 |  2.1
Unarmed Combat | 1 2 |  2.1
Evocations     | 1 2 |  2.1
Conjurations   | 1 |  1.7
Hexes          | 1 |  1.7
Charms         | 1 |  1.7
Summonings     | 1 |  1.7
Necromancy     | 1 |  1.7
Transmutations | 1 |  1.7
Fire Magic     | 1 |  1.7
Ice Magic      | 1 |  1.7
Air Magic      | 1 |  1.7
Earth Magic    | 1 |  1.7
Poison Magic   | 1 |  1.7
Throwing       | 3 |  3.3
Armour         | 3 |  3.3
Fighting       | 5 |  5.0
Long Blades    | 5 |  5.0
Dodging        | 5 |  5.0
Translocations | |  5.7

Action                   |  1- 3 |  4- 6 || total
-------------------------+-------+-------++-------
Melee: Falchion          |    95 |   256 ||   351
       Bite              |    17 |    35 ||    52
       Punch             |       |     1 ||     1
Throw: Boomerang         |     1 |       ||     1
       Javelin           |       |     2 ||     2
 Cast: Animate Skeleton  |     1 |    19 ||    20
       Teleport Other    |       |     5 ||     5
       Blink             |       |     2 ||     2
       Shroud of Golubri |       |     2 ||     2
  Use: Scroll            |     3 |     6 ||     9
       Potion            |       |     4 ||     4
 Stab: Sleeping          |     1 |     4 ||     5
       Distracted        |       |     1 ||     1
  Eat: Chunk             |     6 |    13 ||    19
Armor: Leather armour    |    30 |    45 ||    75
Dodge: Dodged            |    94 |   213 ||   307
Block: Buckler           |       |    11 ||    11
       Rpst.: Falchion   |    33 |    67 ||   100

Table legend:
 A = Non-vault XP
 B = Vault XP
 C = Vault XP percentage of total XP
 D = Non-vault monster count
 E = Vault monster count
 F = Vault count percentage of total count
                 A         B        C        D         E       F
            +---------+---------+-------+---------+---------+-------
      Total |     537 |      63 |  10.5 |      76 |      21 |  21.6
            +---------+---------+-------+---------+---------+-------
        D:1 |      31 |       4 |  11.4 |      19 |       4 |  17.4
        D:2 |      86 |      10 |  10.4 |      22 |       4 |  15.4
        D:3 |      35 |      49 |  58.3 |      18 |      13 |  41.9
        D:4 |     385 |       0 |   0.0 |      17 |       0 |   0.0
            +---------+---------+-------+---------+---------+-------
